 Dungeon Crawl Stone Soup version 0.28-a0-863-g8cecda6153 (webtiles) character file.

Game seed: 8017910007598590173

2 patchburns1 the Gusty (level 1, -2/14 HPs)
             Began as a Draconian Air Elementalist on Nov 20, 2021.
             Slain by a hobgoblin (4 damage)
             ... on level 1 of the Dungeon.
             The game lasted 00:02:37 (132 turns).

patchburns1 the Gusty (Draconian Air Elementalist)   Turns: 132, Time: 00:02:37

Health: -2/14      AC:  4    Str: 10    XL:     1   Next: 33%
Magic:  1/3        EV: 12    Int: 15    God:
Gold:   0          SH:  0    Dex: 11    Spells: 3/4 levels left

rFire   . . .      SeeInvis .   (no weapon)
rCold   . . .      Faith    .   (no shield)
rNeg    . . .      Spirit   .   (armour unavailable)
rPois   .          Reflect  .   (helmet restricted)
rElec   .          Harm     .   (no cloak)
rCorr   .          Rampage  .   (no gloves)
Will    .....                   (no boots)
Stlth   ++........              (no amulet)
HPRegen 0.04/turn               (no ring)
MPRegen 0.08/turn               (no ring)

@: no status effects
A: AC +4, unfitting armour, cold-blooded
a: no special abilities


You were on level 1 of the Dungeon.
You visited 1 branch of the dungeon, and saw 1 of its levels.

Inventory:

Missiles
 a - 33 stones
 b - 21 sling bullets
 c - a throwing net


   Skills:
 + Level 0.0 Fighting
 + Level 1.8 Dodging
 + Level 1.7 Stealth
 * Level 2.0 Spellcasting
 * Level 1.0 Conjurations
 * Level 3.0 Air Magic


You had 3 spell levels left.
You knew the following spells:

 Your Spells              Type           Power      Damage    Failure   Level
a - Shock                 Conj/Air       28%        1d4       10%         1

Your spell library contained the following spells:

 Spells                   Type           Power      Damage    Failure   Level
 Static Discharge         Conj/Air       7%         N/A       14%         2
 Swiftness                Air            10%        N/A       19%         3
 Airstrike                Air            5%         N/A       54%         4


Dungeon Overview and Level Annotations

Branches:
Dungeon (1/15)

Altars:


Innate Abilities, Weirdness & Mutations

Your plain brown scales are hard. (AC +4)
You cannot fit into any form of body armour.
You are cold-blooded and may be slowed by cold attacks.


Message History

* * * LOW HITPOINT WARNING * * *
The bat hits you but does no damage.
Aiming: Shock (safe; 10% risk of failure)
Press: ? - help, Q - select action, (/) - cycle Shift-Dir - straight line The zap hits the bat.
You kill the bat!
The zap misses the hobgoblin.
Aiming: Shock (safe; 10% risk of failure)
Press: ? - help, Q - select action, (/) - cycle Shift-Dir - straight line The zap hits the hobgoblin.
The hobgoblin is lightly wounded.
The zap hits the hobgoblin but does no damage.
The hobgoblin is lightly wounded.
The zap hits the gnoll.
The gnoll is moderately wounded.
The hobgoblin hits you but does no damage.
Aiming: Shock (safe; 10% risk of failure)
Press: ? - help, Q - select action, (/) - cycle Shift-Dir - straight line
Okay, then.
A kobold comes into view. It is wielding a +0 club.
The kobold shouts!
The kobold closely misses you.
Found a robe.
Aiming: Shock (safe; 10% risk of failure)
Press: ? - help, Q - select action, (/) - cycle Shift-Dir - straight line The zap hits the hobgoblin.
The hobgoblin is moderately wounded.
The zap misses the kobold.
The zap hits the gnoll but does no damage.
The gnoll is moderately wounded.
The zap hits the hobgoblin.
The hobgoblin is moderately wounded.
The hobgoblin hits you.
* * * LOW HITPOINT WARNING * * *
Found 13 gold pieces.
A rat comes into view.
Found a stone staircase leading down.
The rat misses you.
You barely miss the rat. The hobgoblin hits you.
You die...

........≈≈#
#...#
≈≈≈≈≈....≈#
###.#
≈≈≈≈...≈≈≈#
#.#
≈≈≈≈.≈≈≈≈≈###
#J## #
≈≈≈≈≈≈≈≈≈≈#...
#..#.#
#≈≈≈≈≈≈≈###
#>## #gg..#
......... ...
#.##.# #r###.#
[.##
#.@##.#....#
##.gK..$....#
####.#.#####
#.#.# #.# #
#.. #.. #..#
..#


You could see a hobgoblin, a kobold and a rat.

Vanquished Creatures
  A bat (D:1)
  2 frilled lizards (D:1)
3 creatures vanquished.

Notes
Turn   | Place    | Note
-------+----------+-------------------------------------------
     0 | D:1      | patchburns1 the Draconian Air Elementalist began the quest
                  | for the Orb.
     0 | D:1      | Reached XP level 1. HP: 14/14 MP: 3/3
   132 | D:1      | Slain by a hobgoblin

Illustrated notes

Levels and vault maps discovered:
D:1:      dpeg_arrival_pond, layout_rooms

Action                   || total
-------------------------++-------
Melee: Unarmed           ||     5
 Cast: Shock             ||     8
Armor: Skin              ||     9
Dodge: Dodged            ||    11

Table legend: (Time is in decaauts)
 A = Elapsed time spent in this place.
 B = Non-inter-level travel time spent in this place.
 C = Inter-level travel time spent in this place.
 D = Time resting spent in this place.
 E = Time spent auto-exploring this place.
 F = Levels seen in this place.
 G = Mean time per level.
                   A        B        C        D        E       F      G
               +--------+--------+--------+--------+--------+-----+--------+
         Total |    132 |    132 |      0 |     21 |      0 |   1 |  132.0 |
       Dungeon |    132 |    132 |      0 |     21 |      0 |   1 |  132.0 |
               +--------+--------+--------+--------+--------+-----+--------+

Top non-repeatable levels by time:
     D:1: 132 daAuts
